Map: Blackpink LE

Players

Ikaruga - Winner!

  • Race: Terran Terran
  • League: Master
  • Spawn Location: 1:00

Guti

  • Race: Protoss Protoss
  • League: Diamond
  • Spawn Location: 7:00

VOD

Have the link to the VOD?

Description

Time

  • Played on: March 23, 2018, 12:34 p.m.
  • Length: 5:18
Show
View Real Time Build Order
Export as new Build Order

Ikaruga Terran - Winner!

Build Orders:  

Get SALT Encoding   

  12  0:01  SCV  
  13  0:13  SCV  
  14  0:17  Supply Depot  
  14  0:25  SCV  
  15  0:39  SCV  
  15  0:40  Barracks  
  16  0:51  SCV  
  16  0:55  Refinery  
  16  0:56  Refinery  
  17  1:03  SCV  
  18  1:15  SCV  
  19  1:28  Orbital Command, Marine  
  19  1:31  Supply Depot  
  20  1:46  Marine  
  21  1:55  SCV, Factory  
  22  2:04  Marine  
  22  2:07  SCV  
  24  2:20  SCV  
  25  2:24  Supply Depot, Marine  
  26  2:36  SCV  
  27  2:39  Widow Mine  
  27  2:41  Starport  
  27  2:44  Marine  
  29  2:48  SCV  
  29  2:51  Supply Depot  
  31  3:00  SCV  
  31  3:01  Widow Mine  
  31  3:02  Barracks Reactor  
  34  3:12  SCV  
  35  3:17  Starport Tech Lab  
  35  3:23  Factory Tech Lab  
  35  3:32  Barracks  
  35  3:34  Barracks  
  35  3:36  Raven  
  37  3:51  Siege Tank, Marine x2  
  42  4:02  Supply Depot  
  42  4:08  Bunker  
  42  4:10  Marine x2  
  44  4:21  Viking  
  44  4:23  SCV, Widow Mine  
  49  4:31  Marine x3  
  52  4:46  Marine  
  52  4:47  Widow Mine  
  55  4:56  Marine  
  55  4:59  Marine  
Show
View Real Time Build Order
Export as new Build Order

Guti Protoss 

Build Orders: Carrier Rush 

Get SALT Encoding   

  12  0:02  Probe (Chrono Boost)  
  13  0:12  Probe (Chrono Boost)  
  14  0:20  Pylon  
  14  0:22  Probe  
  15  0:35  Assimilator  
  15  0:38  Probe  
  16  0:46  Gateway  
  16  0:50  Probe  
  17  1:02  Probe (Chrono Boost)  
  18  1:08  Assimilator  
  18  1:14  Probe (Chrono Boost)  
  19  1:20  Probe (Chrono Boost)  
  20  1:28  Probe  
  21  1:36  Cybernetics Core  
  21  1:40  Probe  
  22  1:51  Nexus  
  22  1:59  Pylon  
  22  2:03  Probe  
  23  2:16  Stalker  
  23  2:22  Stargate  
  25  2:25  Assimilator  
  25  2:30  Assimilator  
  25  3:06  Probe (Chrono Boost)  
  25  3:08  Fleet Beacon  
  25  3:11  Protoss Air Weapons Level 1  
  26  3:16  Probe (Chrono Boost)  
  27  3:21  Probe (Chrono Boost)  
  28  3:33  Probe  
  29  3:45  Probe  
  29  3:47  Carrier (Chrono Boost)  
  36  3:57  Probe  
  36  4:01  Shield Battery  
  37  4:07  Pylon  
  37  4:09  Probe  
  38  4:12  Stargate  
  38  4:21  Probe  
  37  4:33  Probe  
  36  4:45  Probe  
  40  4:57  Probe  
Tags
 
Add a new tag
Caveats
  • Supply blocks, unpowered buildings, or Contaminate may cause inaccurate times.
  • Supply counts are checked every 10 seconds.